 Dungeon Crawl Stone Soup version 0.21.1-1-g345015f (webtiles) character file.

55 letownia2 the Conjurer (level 3, -1/19 HPs)
             Began as a Tengu Wizard on Mar 6, 2018.
             Slain by a gnoll
             ... wielding a +0 halberd
              (14 damage)
             ... on level 4 of the Dungeon.
             The game lasted 00:05:13 (1000 turns).

letownia2 the Conjurer (Tengu Wizard)               Turns: 1000, Time: 00:05:13

Health: -1/19      AC:  2    Str:  7    XL:     3   Next: 93%
Magic:  0/8        EV: 12    Int: 19    God:
Gold:   38         SH:  0    Dex: 12    Spells: 2/8 levels left

rFire    + . .     SeeInvis +   g - +0 dagger
rCold    + . .     Gourm    .   (no shield)
rNeg     . . .     Faith    .   a - +0 robe
rPois    .         Spirit   .   b - +0 hat
rElec    .         Reflect  .   f - scarf {rC+ rF+}
rCorr    .         Harm     .   (no gloves)
MR       .....                  (boots unavailable)
Stlth    ++........             (no amulet)
HPRegen  0.06/turn              e - ring of see invisible
MPRegen  0.11/turn              (no ring)

@: very slightly contaminated
A: beak, talons 3
a: no special abilities


You were on level 4 of the Dungeon.
You were hungry.

You visited 1 branch of the dungeon, and saw 4 of its levels.

You collected 38 gold pieces.

Inventory:

Hand Weapons
 g - a +0 dagger (weapon)
Missiles
 j - 4 curare-tipped needles
Armour
 a - a +0 robe (worn)
 b - a +0 hat (worn)
 f - a scarf of resistance (worn)
Jewellery
 e - a ring of see invisible (left hand)
Potions
 h - a potion of might
Books
 c - a book of Minor Magic

   Spells                             Type                      Level
   a - Magic Dart                     Conjuration                  1
   b - Blink                          Translocation                2
   c - Call Imp                       Summoning                    2
   d - Slow                           Hexes                        2
   e - Conjure Flame                  Conjuration/Fire             3
   f - Mephitic Cloud                 Conjuration/Poison/Air       3
Comestibles
 d - 5 rations


   Skills:
 - Level 2.1 Dodging
 - Level 2.0 Stealth
 - Level 3.0 Spellcasting
 + Level 4.4 Conjurations
 - Level 1.2 Summonings
   Level 0.7 Translocations
 + Level 1.8 Air Magic


You had 2 spell levels left.
You knew the following spells:

 Your Spells              Type           Power        Failure   Level  Hunger
a - Magic Dart            Conj           ###.         2%          1    None
e - Mephitic Cloud        Conj/Pois/Air  ##......     21%         3    ###....
i - Call Imp              Summ           #.......     14%         2    ##.....


Dungeon Overview and Level Annotations

Branches:
Dungeon (4/15)
 Temple: D:4-7

Altars:
Fedhas
Nemelex Xobeh


Innate Abilities, Weirdness & Mutations

You have a beak for a mouth.
You have claws for feet.


Message History

Confirm with . or Enter, or press ? or * to list all spells.
Aiming: Mephitic Cloud
Press: ? - help, Shift-Dir - straight line, f/p - gnoll
Aim: a gnoll, wielding a flail The ball explodes into a vile cloud!
The stinking cloud engulfs the gnoll. x2
You are feeling hungry.
The gnoll is engulfed in noxious fumes.
The gnoll appears confused.
The gnoll hits you from afar with a halberd.
Unknown command.
Unknown command.
Unknown command.
As you read the scroll labeled NYROED FIST, it crumbles to dust.
It is a scroll of identify.
You don't have any unidentified items.
You aren't carrying any items that you can evoke.
Unknown command.
The gnoll suddenly looks very angry at the Dungeon.
The gnoll hits you from afar with a halberd!
Ouch! That really hurt!
You die...

########
#########
#......#
#<......###
#?.....#
######.....
#..g.@.#
#.....
####......#
#.....
#.....ยง...#
#.....
#.#(...g..#
##.....
#.#.##
#.#.#######
#'..... .#..#
#.......#
##..... ....
#...##.##
##.... #..#
#......#
##### #..#
##.%#########


You could see 2 gnolls.

Vanquished Creatures
  3 adders
  A leopard gecko (D:2)
  3 giant cockroaches
  A goblin (D:2)
  5 hobgoblins
  3 quokkas (D:2)
  A ball python (D:2)
  2 bats
  3 frilled lizards
  2 kobolds (D:2)
  2 rats
26 creatures vanquished.

Notes
Turn   | Place    | Note
-------+----------+-------------------------------------------
     0 | D:1      | letownia2 the Tengu Wizard began the quest for the Orb.
     0 | D:1      | Reached XP level 1. HP: 10/10 MP: 5/5
    31 | D:1      | Reached skill level 2 in Conjurations
   192 | D:2      | Reached XP level 2. HP: 14/15 MP: 4/7
   203 | D:2      | Learned a level 2 spell: Call Imp
   233 | D:2      | Reached skill level 3 in Conjurations
   520 | D:2      | Reached XP level 3. HP: 12/19 MP: 6/8
   525 | D:2      | Learned a level 3 spell: Mephitic Cloud
   530 | D:2      | Found a blossoming altar of Fedhas.
   579 | D:2      | Reached skill level 4 in Conjurations
   629 | D:2      | Reached skill level 1 in Air Magic
   678 | D:3      | Found a sparkling altar of Nemelex Xobeh.
   889 | D:4      | Noticed an ogre
  1000 | D:4      | Slain by a gnoll

Skill      XL: |  1  2  3 |
---------------+----------+-----
Conjurations   | 2 3 4 |  4.4
Air Magic      | 1 |  1.8
Dodging        | |  2.1
Stealth        | |  2.0
Spellcasting   | |  3.0
Summonings     | |  1.2
Translocations | |  0.7

Action                   || total
-------------------------++-------
Melee: Unarmed           ||    11
       Dagger            ||    22
       Kick              ||     8
       Peck              ||     2
 Cast: Magic Dart        ||    62
       Mephitic Cloud    ||     3
  Use: Scroll            ||     1
       Potion            ||     1
 Stab: Sleeping          ||     2
Armor: Robe              ||     8
Dodge: Dodged            ||    19
